 Dungeon Crawl Stone Soup version 0.30.0-11-gf55b779eaf (webtiles) character file.

Game seed: 17631237490031708683

1087 safid the Chiller (level 8, -3/64 HPs)
             Began as a Merfolk Ice Elementalist on May 16, 2023.
             Slain by a sky beast (6 damage)
             ... on level 6 of the Dungeon.
             The game lasted 00:07:25 (5573 turns).

safid the Chiller (Merfolk Ice Elementalist)        Turns: 5573, Time: 00:07:26

Health: -3/64      AC:  3    Str:  9    XL:     8   Next: 30%
Magic:  1/16       EV: 12    Int: 16    God:
Gold:   321        SH:  0    Dex: 14    Spells: 10/17 levels left

rFire   . . .        p - +2 falchion (protect)
rCold   . . .        (no shield)
rNeg    . . .        a - +0 robe
rPois   .            (no helmet)
rElec   .            (no cloak)
rCorr   .            (no gloves)
SInv    .            r - +0 pair of boots
Will    .....        (no amulet)
Stlth   ++           (no ring)
HPRegen 0.30/turn    (no ring)
MPRegen 0.15/turn

%: no passive effects
@: freezing walls
A: (nimble swimmer 2), mertail
a: no special abilities


You were on level 6 of the Dungeon.
You visited 1 branch of the dungeon, and saw 6 of its levels.

You collected 354 gold pieces.
You spent 33 gold pieces at shops.

Inventory:

Hand Weapons
 p - a +2 falchion of protection (weapon)
Missiles
 k - 3 curare-tipped darts
Armour
 a - a +0 robe (worn)
 r - a +0 pair of boots (worn)
Scrolls
 e - 3 scrolls of amnesia
 f - 5 scrolls of blinking
 g - a scroll of vulnerability {unknown}
 h - 2 scrolls of teleportation
 j - 5 scrolls of fear
 m - 2 scrolls of enchant armour
 n - 3 scrolls of magic mapping
 o - a scroll of immolation {unknown}
Potions
 b - a potion of magic
 c - 7 potions of curing
 i - a potion of degeneration {unknown}
 l - 3 potions of heal wounds {unknown}
 s - a potion of ambrosia {unknown}


   Skills:
 + Level 5.8 Fighting
 - Level 2.6 Dodging
 - Level 2.1 Stealth
 + Level 5.3 Spellcasting
 + Level 7.5 Ice Magic


You had 10 spell levels left.
You knew the following spells:

 Your Spells              Type           Power      Damage    Failure   Level
a - Freeze                Ice            100%       1d10      1%          1
b - Frozen Ramparts       Ice            56%        1d9       1%          3
c - Ozocubu's Armour      Ice            28%        N/A       1%          3

Your spell library contained the following spells:

 Spells                   Type           Power      Damage    Failure   Level
 Kiss of Death            Conj/Necr      16%        2d6       14%         1
 Summon Ice Beast         Ice/Summ       16%        N/A       30%         4
 Confusing Touch          Hex            4%         N/A       41%         3
 Gell's Gravitas          Tloc           4%         N/A       41%         3
 Ignite Poison            Fire/Tmut/Pois 4%         N/A       41%         3
 Portal Projectile        Hex/Tloc       8%         N/A       41%         3
 Teleport Other           Tloc           4%         N/A       41%         3
 Tukima's Dance           Hex            4%         N/A       41%         3
 Dispel Undead            Necr           4%         3d7       82%         4
 Sticky Flame             Conj/Fire      4%         2d3       82%         4
 Blade Hands              Tmut           2%         N/A       99%         5
 Dispersal                Tloc           2%         N/A       100%        6
 Ignition                 Fire           2%         3d3       100%        8


Dungeon Overview and Level Annotations

Branches:
Dungeon (6/15)
 Temple: D:4-7

Altars:
Kikubaaqudgha
Xom

Shops:
D:4 !


Innate Abilities, Weirdness & Mutations

((You are very nimble when in or above water. (Stealth+, EV+, Speed+++)))
Your lower body shifts to a powerful aquatic tail in water.


Message History

Unknown command.
You closely miss the ogre.
The ogre is almost dead.
The wall freezes the ogre.
The ogre hits you with a +0 giant club! Something hits you.
Something shocks you.
You are too injured to fight recklessly!
Casting: Frozen Ramparts (dangerous; 2% risk of failure)
Confirm with . or Enter, or press ? or * to list all spells.
Aiming: Freeze (safe; 1% risk of failure)
Press: ? - help, Shift-Dir - straight line, f - ogre
Aim: an ogre, wielding a +0 giant club (almost dead)
You freeze the ogre.
You kill the ogre!
Something hits you.
* * * LOW HITPOINT WARNING * * *
Something shocks you.
* * * LOW HITPOINT WARNING * * *
Unknown command.
Something hits you but does no damage. Something hits you but does no damage.
Your icy armour cracks and falls away as you move.
The frozen ramparts melt away as you move.
Something hits you but does no damage.
Things that are here:
a +0 giant club; an ogre corpse Something hits you.
* * * LOW HITPOINT WARNING * * *
Something shocks you.
* * * LOW HITPOINT WARNING * * *
A sky beast appears from thin air!
Reactivating autopickup.
Casting: Freeze (safe; 1% risk of failure)
Confirm with . or Enter, or press ? or * to list all spells.
Casting: Frozen Ramparts (safe; 1% risk of failure)
Press: ? - help, Dir - look around, f - activate The walls around you are covered in ice.
The wall freezes the sky beast.
The sky beast hits you.
* * * LOW HITPOINT WARNING * * *
The sky beast shocks you.
You die...

.#>.....# #######.#
......)# #......
.[....# #.....# .....
#.....#
...#########.###.#
#.................
#)ยง...............
#.###Y....[...[.......
#....@######.#####....
#.###.# #.####.....
#.# ##.......###
#.#####..#####.#
#.....#..#
.######.#..#####.##
........#..........
..........######...
.####>............


You could see a sky beast.

Vanquished Creatures
  Eustachio (D:4)
  Menkaure (D:4)
  A water moccasin (D:6)
  An orc warrior (D:5)
  3 ogres
  A scorpion (D:4)
  4 hounds
  An iguana (D:4)
  An orc wizard (D:5)
  7 adders
  4 gnolls (D:3)
  3 worms
  4 dart slugs
  8 orcs
  2 endoplasms
  4 giant cockroaches
  2 quokkas (D:1)
  A bat (D:1)
  2 frilled lizards
  4 goblins
  2 kobolds
  8 rats
65 creatures vanquished.

Notes
Turn   | Place    | Note
-------+----------+-------------------------------------------
     0 | D:1      | safid the Merfolk Ice Elementalist began the quest for the
                  | Orb.
     0 | D:1      | Reached XP level 1. HP: 13/13 MP: 3/3
   457 | D:1      | Reached XP level 2. HP: 4/20 MP: 0/5
   663 | D:1      | Reached skill level 1 in Fighting
  1138 | D:2      | Found a faded altar of an unknown god.
  1202 | D:2      | Reached XP level 3. HP: 21/26 MP: 0/6
  1206 | D:2      | Learned a level 3 spell: Frozen Ramparts
  2456 | D:3      | Reached skill level 5 in Ice Magic
  2599 | D:3      | Reached XP level 4. HP: 18/33 MP: 4/8
  3024 | D:3      | Found an ancient bone altar of Kikubaaqudgha.
  3074 | D:3      | Learned a level 3 spell: Ozocubu's Armour
  3290 | D:4      | Reached XP level 5. HP: 31/39 MP: 5/9
  3605 | D:4      | Noticed Menkaure
  3623 | D:4      | HP: 2/41 [Menkaure/nerve-wracking pain (3)]
  3624 | D:4      | Killed Menkaure
  3625 | D:4      | Reached skill level 6 in Ice Magic
  3625 | D:4      | Reached XP level 6. HP: 3/48 MP: 4/11
  3870 | D:4      | Found Jeloulored's Distillery.
  3879 | D:4      | Bought a potion of curing for 33 gold pieces
  4078 | D:4      | Reached XP level 7. HP: 47/54 MP: 10/13
  4151 | D:4      | Noticed Eustachio
  4172 | D:4      | Killed Eustachio
  4646 | D:5      | Entered Level 5 of the Dungeon
  5081 | D:5      | Found a shimmering altar of Xom.
  5116 | D:5      | Reached skill level 5 in Fighting
  5116 | D:5      | Reached skill level 7 in Ice Magic
  5204 | D:5      | Reached skill level 5 in Spellcasting
  5204 | D:5      | Reached XP level 8. HP: 62/62 MP: 8/15
  5573 | D:6      | HP: 3/64 [sky beast (1)]
  5573 | D:6      | Slain by a sky beast

Illustrated notes

Levels and vault maps discovered:
D:1:      dpeg_arrival_water_temple_mockup, layout_loops_corners
D:2:      layout_basic, dreamdust_ecumenical_altar_grove,
          kennysheep_another_room, lightli_corner_chamber
D:3:      layout_loops_corners, mainiacjoe_overflow_24_doors
D:4:      layout_basic, serial_shops, nicolae_lakefront_shop, uniq_eustachio,
          uniq_menkaure
D:5:      layout_rooms, mainiacjoe_overflow_six_doors_small
D:6:      layout_basic, nicolae_overflow_crystal_walls,
          kennysheep_windowed_goal, uniq_edmund

Skill      XL: |  1  2  3  4  5  6  7 |
---------------+----------------------+-----
Fighting       | 1 2 3 4 5 |  5.8
Ice Magic      | 5 6 7 |  7.5
Spellcasting   | 3 4 5 |  5.3
Dodging        | |  2.6
Stealth        | |  2.1

Action                     |  1- 3 |  4- 6 |  7- 9 || total
---------------------------+-------+-------+-------++-------
  Melee: Dagger            |    51 |    12 |       ||    63
         Unarmed           |     1 |       |       ||     1
         Falchion          |       |    20 |    39 ||    59
   Cast: Freeze            |    36 |    11 |    13 ||    60
         Frozen Ramparts   |     1 |     9 |    15 ||    25
         Ozocubu's Armour  |       |     3 |     8 ||    11
    Use: Scroll            |       |       |     7 ||     7
   Stab: Sleeping          |     5 |     1 |       ||     6
 Armour: Robe              |    10 |     6 |    19 ||    35
  Dodge: Dodged            |    52 |    20 |    26 ||    98
